 Dungeon Crawl Stone Soup version 0.28.0-49-g6dfe1f597d (webtiles) character file.

Game seed: 5563909439419473237

25 CryoSword the Grave Robber (level 2, 0/30 HPs)
             Began as a Demonspawn Necromancer on May 14, 2022.
             Succumbed to an adder's poison
             ... on level 2 of the Dungeon.
             The game lasted 00:01:53 (1882 turns).

CryoSword the Grave Robber (Demonspawn Necromancer) Turns: 1882, Time: 00:01:54

Health: 0/30       AC:  5    Str:  8    XL:     2   Next: 86%
Magic:  2/5        EV: 10    Int: 16    God:
Gold:   17         SH:  0    Dex: 13    Spells: 4/5 levels left

rFire   . . .      SeeInvis .   i - +0 short sword
rCold   . . .      Faith    .   (no shield)
rNeg    . . .      Spirit   .   e - +0 ring mail {Will+}
rPois   .          Reflect  .   (no helmet)
rElec   .          Harm     .   (no cloak)
rCorr   .          Rampage  .   (no gloves)
Will    +....                   (no boots)
Stlth   ..........              (no amulet)
HPRegen 0.10/turn               (no ring)
MPRegen 0.09/turn               (no ring)

@: berserking, lethally poisoned (0 -> -1), attractive, very slightly
contaminated, very quick
A: hooves 1
a: no special abilities


You were on level 2 of the Dungeon.
You visited 1 branch of the dungeon, and saw 2 of its levels.

You collected 38 gold pieces.
You spent 21 gold pieces at shops.

Inventory:

Hand Weapons
 i - a +0 short sword (weapon)
   (You found it on level 1 of the Dungeon)
Armour
 e - a +0 ring mail of willpower (worn)
   (You found it on level 1 of the Dungeon)
Scrolls
 d - a scroll of silence {unknown}
 g - a scroll of noise {unknown}
Potions
 f - a potion of curing {unknown}
 h - a potion of resistance {unknown}


   Skills:
 + Level 0.9 Fighting
 + Level 2.1 Dodging
 + Level 2.1 Stealth
 + Level 2.2 Spellcasting
 * Level 4.6 Necromancy


You had 4 spell levels left.
You knew the following spells:

 Your Spells              Type           Power      Damage    Failure   Level
a - Pain                  Necr           64%        1d7       10%         1

Your spell library contained the following spells:

 Spells                   Type           Power      Damage    Failure   Level
 Animate Skeleton         Necr           32%        N/A       10%         1
 Vampiric Draining        Necr           16%        2d7       28%         3
 Animate Dead             Necr           8%         N/A       67%         4
 Agony                    Necr           16%        N/A       95%         5


Dungeon Overview and Level Annotations

Branches:
Dungeon (2/15)

Altars:

Shops:
D:1 *


Innate Abilities, Weirdness & Mutations

You have large cloven feet.


Message History

You are very lightly contaminated with residual magic.
Nothing appears to happen.
The bat hits you but does no damage. The bat closely misses you.
The bat barely misses you.
Aim: a bat (chance to affect: 86%)
The bat writhes in agony.
The bat barely misses you.
Aim: a bat (severely wounded, chance to affect: 86%)
You miscast Pain.
Nothing appears to happen.
The bat closely misses you.
You hit the bat.
You kill the bat!
No target in view!
No target in view!
Your magical contamination has completely faded away.
A bat comes into view.
A bat is nearby!
A bat is nearby!
Aim: a bat (asleep, chance to affect: 86%)
The bat writhes in agony.
Aim: a bat (heavily wounded, chance to affect: 86%)
The bat writhes in agony.
The bat hits you but does no damage.
Aim: a bat (severely wounded, chance to affect: 86%)
The bat writhes in agony.
You kill the bat!
f - a fuming green potion Could not explore, unopened door.
Could not explore, unopened door.
You open the door.
There is a staircase leading out of the dungeon here.
Could not explore, unopened door.
Could not explore, unopened door.
You open the door.
Could not explore, unopened door.
You open the door.
There is an open door here.
g - a scroll labelled ZAYTYA KANULA A giant cockroach comes into view.
A giant cockroach is nearby!
You closely miss the giant cockroach.
You kick the giant cockroach, but do no damage.
The giant cockroach closely misses you.
The giant cockroach bites you but does no damage.
You barely miss the giant cockroach. The giant cockroach bites you.
You hit the giant cockroach but do no damage.
You kick the giant cockroach. The giant cockroach misses you.
You hit the giant cockroach but do no damage.
You kick the giant cockroach.
You kill the giant cockroach!
No target in view!
No target in view!
No target in view!
No target in view!
A frilled lizard comes into view.
The frilled lizard hisses angrily.
A frilled lizard is nearby!
A frilled lizard is nearby!
A frilled lizard is nearby!
Aim: a frilled lizard (chance to affect: 86%)
The frilled lizard writhes in agony.
You kill the frilled lizard!
That beam is likely to hit you.
Continue anyway?
Okay, then.
Found a shiny ring mail.
You see here a +0 ring mail of willpower.
There is a stone staircase leading down here.
Key pressed, stopping explore.
There is a stone staircase leading down here.
h - a fizzy puce potion
Found a short sword.
No target in view!
Done exploring.
Done exploring.
Done exploring.
You see here a +0 short sword.
i - a +0 short sword
i - a +0 short sword (weapon)
You drop a +0 dagger.
Search for what [? for help]? armor Search for what [Enter for "armor", or ? for help]? armor You see here a +0 ring mail of willpower.
e - a +0 ring mail of willpower You start removing your armour.
You continue taking off your +0 robe. x4
You finish taking off your +0 robe.
You start putting on your armour.
You continue putting on your +0 ring mail of willpower. x5
You finish putting on your +0 ring mail of willpower.
You feel strong-willed.
You drop a +0 robe.
Done exploring.
Done exploring.
Done exploring.
There is a stone staircase leading down here.
You climb downwards.
There is a stone staircase leading up here.
An adder comes into view.
An adder is nearby!
An adder is nearby!
An adder is nearby!
A goblin comes into view. It is wielding a +0 club.
Found a whip.
That beam is likely to hit you.
Continue anyway?
Okay, then.
The adder hisses angrily.
Aim: an adder (chance to affect: 80%)
You miscast Pain.
You are very lightly contaminated with residual magic.
Nothing appears to happen.
Aim: an adder (chance to affect: 80%)
You miscast Pain.
Nothing appears to happen.
Aim: an adder (chance to affect: 80%)
You miscast Pain.
Nothing appears to happen.
The adder bites you but does no damage. The adder bites you.
You miss the adder. Your kick misses the adder. The adder closely misses you.
You hit the adder but do no damage. The adder bites you but does no damage.
You hit the adder. You kick the adder, but do no damage.
The adder barely misses you. The adder closely misses you.
You barely miss the adder. You kick the adder. The adder bites you.
You barely miss the adder. Your kick misses the adder.
The adder bites you but does no damage. The adder bites you.
You are poisoned.
The adder poisons you!
Aim: an adder (moderately wounded, chance to affect: 80%)
The adder barely resists.
You feel sick. The adder bites you.
You are lethally poisoned!
The adder poisons you!
You barely miss the adder.
* * * LOW HITPOINT WARNING * * *
You feel very sick. The adder closely misses you.
It was a potion of attraction.
You feel attractive to monsters.
* * * LOW HITPOINT WARNING * * *
You feel sick. The adder barely misses you. x2
It was a potion of berserk rage.
A red film seems to cover your vision as you go berserk!
You feel yourself moving faster!
You feel mighty!
You feel sick. The adder bites you but does no damage.
You are too berserk!
Unknown command.
You closely miss the adder. Your kick misses the adder.
You feel sick. The adder barely misses you.
You closely miss the adder. The adder barely misses you.
You closely miss the adder. Your kick misses the adder.
You feel sick. The adder bites you but does no damage.
You closely miss the adder.
You feel sick. The adder bites you.
* * * LOW HITPOINT WARNING * * *
You barely miss the adder. You kick the adder!
You kill the adder!
You die...

##### ...#
##.################
#.......@.........#
#..##############.#
#........# #####.#
#...####g# #<....#
#...# ####### #..)#
#...# #...# .....


There were no monsters in sight!

Vanquished Creatures
  An adder (D:2)
  A dart slug (D:1)
  2 endoplasms (D:1)
  2 giant cockroaches (D:1)
  2 hobgoblins (D:1)
  4 jackals (D:1)
  A quokka (D:1)
  A ball python (D:1)
  4 bats (D:1)
  A frilled lizard (D:1)
  2 rats (D:1)
21 creatures vanquished.

Notes
Turn   | Place    | Note
-------+----------+-------------------------------------------
     0 | D:1      | CryoSword the Demonspawn Necromancer began the quest for
                  | the Orb.
     0 | D:1      | Reached XP level 1. HP: 13/13 MP: 3/3
    73 | D:1      | Found Pemeg's Assorted Antiques.
    75 | D:1      | Bought a fuming purple potion for 21 gold pieces
   641 | D:1      | Gained mutation: You have large cloven feet. [demonic
                  | ancestry]
   641 | D:1      | Reached XP level 2. HP: 12/20 MP: 0/5
  1881 | D:2      | HP: 1/30 [adder (4)]
  1882 | D:2      | Succumbed to an adder's poison

Illustrated notes

Levels and vault maps discovered:
D:1:      lemuel_arrival_rhombus, layout_loops_ring, serial_shops, shop
D:2:      layout_basic

Skill      XL: |  1  2 |
---------------+-------+-----
Stealth        | 2 |  2.1
Dodging        | 2 |  2.1
Fighting       | |  0.9
Spellcasting   | |  2.2
Necromancy     | |  4.6

Action                   || total
-------------------------++-------
Melee: Unarmed           ||     8
       Short sword       ||    11
       Kick              ||     8
       Dagger            ||     7
 Cast: Pain              ||    35
  Use: Potion            ||     2
Armor: Robe              ||     9
       Ring mail         ||     5
Dodge: Dodged            ||    23
